Map: Dusk Towers

Players

Miszu - Winner!

  • Race: Terran Terran
  • League: Grandmaster

roof

  • Race: Zerg Zerg
  • League: Grandmaster

VOD

Have the link to the VOD?

Description

Time

  • Played on: May 26, 2016, 6:13 p.m.
  • Length: 10:38
Show
View Real Time Build Order
Export as new Build Order

Miszu Terran - Winner!

Build Orders: Reaper Expand, MMM Bio 

Get SALT Encoding   

  12  0:01  SCV  
  13  0:13  SCV  
  14  0:19  Supply Depot  
  14  0:25  SCV  
  15  0:41  SCV  
  15  0:42  Barracks  
  16  0:47  Refinery  
  16  0:53  SCV  
  17  1:05  SCV  
  18  1:17  SCV  
  19  1:30  Reaper, Orbital Command  
  20  1:39  Command Center  
  20  1:51  Supply Depot  
  20  1:55  SCV  
  21  2:02  Marine  
  21  2:07  SCV  
  23  2:09  Factory  
  23  2:19  SCV  
  24  2:27  Barracks Reactor  
  24  2:31  SCV  
  25  2:44  SCV  
  26  2:46  Command Center  
  26  2:53  Orbital Command  
  26  2:57  SCV  
  27  3:08  Barracks Tech Lab  
  27  3:10  Hellion  
  27  3:11  SCV  
  30  3:14  Barracks  
  30  3:18  SCV  
  31  3:23  SCV  
  32  3:27  Marine  
  32  3:28  Stimpack  
  32  3:30  SCV  
  33  3:35  SCV  
  34  3:42  SCV, Factory Reactor  
  34  3:43  Barracks  
  34  3:44  Refinery  
  34  3:47  SCV  
  34  3:48  Marine  
  37  3:55  SCV  
  38  3:58  Engineering Bay  
  38  3:59  Engineering Bay, SCV  
  38  4:00  Refinery x2  
  39  4:03  Orbital Command  
  39  4:07  SCV  
  41  4:14  Marine  
  41  4:15  SCV  
  42  4:17  Marine x2  
  42  4:22  SCV  
  45  4:25  Starport  
  45  4:26  Factory Reactor  
  45  4:30  SCV  
  47  4:34  SCV  
  47  4:35  Marine x3  
  47  4:36  Orbital Command  
  50  4:42  Terran Infantry Weapons Level 1, Terran Infantry Armor Level 1  
  50  4:43  Marine x2  
  52  4:45  SCV  
  52  4:48  Supply Depot  
  52  4:49  Supply Depot  
  52  4:52  SCV  
  54  4:58  SCV  
  55  5:00  Marine  
  55  5:01  Marine x2  
  55  5:04  SCV x2  
  60  5:08  Factory Reactor  
  60  5:10  Marine, Medivac x2, SCV  
  66  5:14  Supply Depot  
  66  5:16  Supply Depot  
  66  5:17  SCV  
  66  5:18  SCV  
  66  5:21  Marine  
  69  5:22  SCV  
  70  5:28  Combat Shields  
  70  5:29  Supply Depot  
  70  5:31  Supply Depot  
  70  5:32  SCV x2  
  70  5:34  SCV  
  73  5:35  Marine  
  73  5:36  Marine  
  73  5:38  Marine  
  73  5:39  Marine  
  77  5:44  SCV x2  
  79  5:51  SCV  
  79  5:56  SCV x2  
  82  6:00  Barracks x2  
  82  6:02  Barracks  
  82  6:03  SCV, Widow Mine x2  
  85  6:04  Medivac x2  
  85  6:08  SCV  
  85  6:09  Armory  
  92  6:14  Supply Depot  
  91  6:19  Supply Depot  
  91  6:21  SCV x3  
  91  6:23  Marine x2  
  91  6:24  Marine x2, Marauder  
  96  6:33  SCV  
  97  6:41  Marine x2, SCV  
  97  6:42  SCV  
  97  6:45  Supply Depot, Marauder  
  97  6:46  Marine x2, Widow Mine  
  107  6:47  Medivac x2  
  107  6:49  Barracks Tech Lab x3  
  111  6:57  Terran Infantry Armor Level 2, Terran Infantry Weapons Level 2  
  111  6:59  Marine x2  
  113  7:03  Marine  
  113  7:04  Marine  
  115  7:10  Marine, Marauder  
  117  7:20  Marine x3, Marauder  
  117  7:21  Marine x2, Medivac x2  
  125  7:27  Barracks  
  125  7:28  Marine  
  125  7:29  Barracks x2  
  119  7:31  Marine  
  120  7:37  Marine  
  120  7:38  Supply Depot, Marine x2  
  120  7:39  Supply Depot x2, Marine x2  
  120  7:42  Marine  
  126  7:45  Concussive Shells  
  126  7:46  Marauder  
  128  7:54  Marauder  
  128  7:55  Marine  
  128  7:56  Marauder  
  133  7:59  Marine x3  
  133  8:00  Marauder  
  133  8:03  Medivac x2  
  142  8:08  Marauder  
  137  8:13  Marine  
  137  8:15  Marine  
  137  8:17  Marine  
  137  8:18  Marine, Marauder  
  142  8:21  Barracks Tech Lab x3  
  142  8:22  Marauder  
  142  8:23  Command Center  
  142  8:24  Marine  
  145  8:29  Marauder  
  145  8:31  Marine  
  145  8:33  Marauder  
  131  8:35  Marine  
  131  8:36  Marine  
  131  8:39  Marauder  
  139  8:42  Marine x2, Marauder x2  
  139  8:43  Marauder  
  147  8:48  Supply Depot  
  147  8:49  Marine  
  147  8:50  Supply Depot, Marauder  
  147  8:52  Supply Depot, Marine  
  147  8:54  Marine, Marauder  
  154  8:59  Supply Depot  
  154  9:00  Marine, Marauder  
  154  9:02  Marine  
  156  9:03  Marine  
  157  9:10  Marine x4, Medivac  
  157  9:12  Marauder  
  157  9:13  Marine  
  157  9:15  Marine  
  154  9:18  Marine  
  154  9:20  Marine  
  142  9:29  Marine  
  142  9:30  Marine x5  
  142  9:31  Marine  
  149  9:33  Marine x2  
  149  9:36  Marine  
  149  9:37  Marine  
  153  9:47  Marine  
  153  9:48  Marine x6  
  153  9:51  Marauder x2  
  164  9:53  Marine  
  141  10:03  Marine  
  141  10:05  Marine  
  141  10:06  Marine x4, Marauder x2  
  137  10:11  Marine  
  137  10:12  Marine x2  
Show
View Real Time Build Order
Export as new Build Order

roof Zerg 

Build Orders: Hatch First 

Get SALT Encoding   

  12  0:01  Drone  
  13  0:12  Overlord  
  13  0:17  Drone  
  14  0:31  Drone x2  
  14  0:34  Drone  
  17  0:52  Hatchery  
  17  0:54  Drone  
  17  0:57  Drone  
  18  1:10  Spawning Pool  
  17  1:30  Hatchery  
  16  1:34  Drone  
  16  1:36  Drone  
  16  1:39  Drone  
  19  1:47  Drone  
  20  1:57  Queen  
  22  2:03  Queen  
  22  2:05  Zergling x2  
  22  2:07  Zergling x2  
  26  2:16  Overlord  
  26  2:21  Drone x2  
  28  2:37  Drone  
  28  2:38  Queen  
  28  2:40  Queen  
  28  2:43  Queen  
  35  2:49  Drone x2  
  37  2:53  Drone x2  
  37  2:58  Overlord  
  39  3:03  Drone x2  
  39  3:05  Drone  
  42  3:14  Overlord  
  42  3:17  Drone  
  42  3:18  Drone x2  
  42  3:19  Drone x2  
  47  3:27  Overlord  
  47  3:28  Drone x2  
  47  3:29  Drone  
  47  3:33  Drone x3  
  53  3:36  Drone  
  53  3:38  Extractor  
  53  3:39  Extractor  
  52  3:42  Drone  
  53  3:49  Drone x3  
  53  3:50  Drone x4  
  53  3:55  Overlord  
  60  3:58  Drone x3  
  60  3:59  Drone  
  63  4:11  Overlord  
  63  4:12  Drone x2  
  63  4:15  Extractor x2  
  63  4:19  Evolution Chamber x2  
  63  4:22  Drone x4  
  63  4:24  Drone x2  
  67  4:26  Drone x2  
  67  4:27  Metabolic Boost, Drone  
  70  4:45  Spore Crawler  
  69  4:46  Spore Crawler  
  69  4:48  Drone x3, Spore Crawler x2  
  69  4:51  Spore Crawler  
  69  4:52  Drone x2  
  70  4:53  Spore Crawler  
  70  4:54  Zerg Melee Weapons Level 1, Drone x2  
  70  4:55  Overlord  
  70  4:57  Zerg Ground Armor Level 1  
  70  4:58  Drone  
  72  5:02  Overlord  
  72  5:04  Drone  
  73  5:07  Baneling Nest  
  72  5:14  Hatchery  
  72  5:15  Lair  
  72  5:19  Zergling x2  
  72  5:20  Zergling x14  
  79  5:25  Zergling x6  
  79  5:26  Zergling x6  
  85  5:30  Zergling x2  
  85  5:31  Zergling x2  
  87  5:36  Hatchery  
  87  5:37  Drone  
  87  5:40  Zergling x4  
  87  5:41  Zergling x4  
  91  5:46  Zergling x2  
  91  5:48  Zergling x4  
  94  5:53  Queen  
  94  5:55  Overlord x3  
  94  5:56  Zergling x4  
  98  6:00  Overlord  
  98  6:01  Pneumatized Carapace  
  98  6:09  Overlord  
  98  6:15  Centrifical Hooks  
  95  6:22  Drone  
  95  6:23  Drone x7  
  95  6:24  Drone x2  
  105  6:25  Drone  
  106  6:36  Drone  
  106  6:37  Zergling x4, Drone x3  
  106  6:38  Zergling x4  
  114  6:44  Zergling x2  
  114  6:45  Zergling x4  
  117  6:47  Zergling x2  
  117  6:48  Zergling x2  
  117  6:51  Zerg Melee Weapons Level 2  
  117  6:52  Zerg Ground Armor Level 2  
  119  6:57  Zergling x8  
  119  6:58  Zergling x6  
  126  7:02  Spore Crawler  
  126  7:03  Spore Crawler  
  126  7:05  Zergling x2, Drone x2  
  126  7:06  Zergling x8, Spore Crawler  
  130  7:12  Zergling x6  
  130  7:14  Baneling  
  131  7:16  Baneling x4  
  131  7:17  Spore Crawler  
  131  7:20  Zergling x6  
  131  7:22  Drone x6  
  131  7:26  Drone  
  131  7:27  Drone  
  133  7:31  Drone  
  133  7:32  Drone  
  133  7:34  Drone  
  133  7:35  Drone x2  
  133  7:36  Zergling x2  
  139  7:40  Overlord x3  
  139  7:48  Zergling x6  
  142  7:53  Baneling x12  
  142  7:54  Baneling x10  
  142  7:56  Overlord x2  
  142  7:59  Hatchery  
  142  8:02  Zergling x2  
  142  8:03  Zergling x14  
  142  8:04  Zergling x2  
  149  8:07  Zergling x8  
  149  8:12  Overlord  
  143  8:15  Zergling x14  
  143  8:17  Zergling x2  
  143  8:18  Zergling x6  
  143  8:19  Zergling x2, Hatchery  
  148  8:20  Zergling x2  
  148  8:22  Zergling x6  
  148  8:26  Zergling x4  
  148  8:27  Zergling x6  
  156  8:32  Zergling x2  
  156  8:33  Zergling x8  
  139  8:35  Zergling x2  
  139  8:36  Baneling x2  
  139  8:37  Baneling x4  
  139  8:38  Baneling x6  
  139  8:39  Baneling x6  
  139  8:40  Baneling x3  
  139  8:41  Baneling  
  139  8:45  Zergling x12  
  145  8:49  Baneling x7  
  145  8:50  Baneling x3  
  145  8:54  Zergling x2  
  145  8:55  Zergling x10  
  151  9:08  Zergling x10  
  151  9:09  Zergling x20  
  152  9:21  Zergling x2  
  152  9:22  Zergling x24  
  140  9:27  Zergling x2  
  140  9:28  Zergling x6  
  140  9:31  Zergling x12  
  133  9:32  Baneling  
  133  9:33  Baneling x7  
  133  9:34  Baneling x3  
  133  9:35  Baneling x2  
  133  9:36  Baneling x3  
  133  9:37  Baneling  
  133  9:38  Baneling x3  
  136  9:39  Baneling  
  136  9:42  Zergling x8  
  136  9:43  Zergling x2  
  141  9:47  Zergling x6  
  141  9:48  Zergling x2  
  141  9:50  Infestation Pit, Zergling x6  
  129  10:02  Zergling x2  
  129  10:03  Zergling x20  
  122  10:11  Zergling x6  
  122  10:12  Zergling x16  
  123  10:14  Zergling x12  
  123  10:15  Zergling x4  
  123  10:16  Zergling x2  
  123  10:19  Zergling x4  
Tags
 
Add a new tag
Caveats
  • Supply blocks, unpowered buildings, or Contaminate may cause inaccurate times.
  • Supply counts are checked every 10 seconds.